 Dungeon Crawl Stone Soup version 0.29-a0-284-gf9362112df (webtiles) character file.

Game seed: 8944240649964677979

178 spaghetti the Grasshopper (level 5, 0/38 HPs)
             Began as a Demonspawn Warper on Mar 24, 2022.
             Was a Believer of Fedhas.
             Slain by a water moccasin (5 damage)
             ... on level 5 of the Dungeon.
             The game lasted 00:04:52 (3394 turns).

spaghetti the Grasshopper (Demonspawn Warper)       Turns: 3394, Time: 00:04:53

Health: 0/38       AC:  8    Str: 15    XL:     5   Next: 32%
Magic:  2/8        EV: 11    Int: 14    God:    Fedhas [**....]
Gold:   148        SH:  0    Dex: 17    Spells: 3/8 levels left

rFire   . . .      SeeInvis .   n - +1 short sword (venom) {short}
rCold   . . .      Faith    .   (no shield)
rNeg    . . .      Spirit   .   k - +2 ring mail "Zaamiy" {Dex+4}
rPois   .          Reflect  .   (no helmet)
rElec   .          Harm     .   (no cloak)
rCorr   .          Rampage  .   (no gloves)
Will    .....                   (no boots)
Stlth   +.........              (no amulet)
HPRegen 0.12/turn               (no ring)
MPRegen 0.11/turn               (no ring)

@: no status effects
A: hooves 1, sense surroundings 1, shaggy fur 1, strong 1, wild magic 1
a: Renounce Religion, Wall of Briars


You were on level 5 of the Dungeon.
You worshipped Fedhas.
Fedhas was pleased with you.
You visited 1 branch of the dungeon, and saw 5 of its levels.

You collected 148 gold pieces.


Innate Abilities, Weirdness & Mutations

You have large cloven feet.
You passively map a small area around you.
You are covered in fur. (AC +1)
Your muscles are strong. (Str +2)
Your spells are a little harder to cast, but a little more powerful.


   Skills:
 - Level 2.0 Fighting
 - Level 1.7 Long Blades
 - Level 0.8 Throwing
 - Level 0.8 Armour
 - Level 1.7 Dodging
 - Level 2.0 Spellcasting
 * Level 4.9 Translocations
 + Level 3.2 Invocations


You had 3 spell levels left.
You knew the following spells:

 Your Spells              Type           Power      Damage    Failure   Level
a - Blink                 Tloc           38%        N/A       14%         2
b - Teleport Other        Tloc           19%        N/A       26%         3

Your spell library contained the following spells:

 Spells                   Type           Power      Damage    Failure   Level
 Gell's Gravitas          Tloc           19%        N/A       26%         3
 Lesser Beckoning         Tloc           19%        N/A       26%         3
 Manifold Assault         Tloc           19%        N/A       90%         5

Inventory:

Hand Weapons
 a - a +0 falchion {long}
 n - a +1 short sword of venom (weapon) {short}
   (You found it on level 3 of the Dungeon)
Missiles
 d - a boomerang of dispersal {=f!fthrowing}
 g - 97 stones (quivered) {throwing}
Armour
 b - a +1 leather armour
 k - the +2 ring mail "Zaamiy" (worn) {Dex+4}
   (You found it on level 2 of the Dungeon)

   Dex:       It affects your dexterity (+4).
Magical Staves
 e - a staff of fire {!astaff}
   (You found it on level 2 of the Dungeon)
Scrolls
 c - 2 scrolls of blinking {!r}
 h - a scroll of enchant armour
 m - a scroll of vulnerability {!r!r}
Potions
 f - a potion of lignification {!q}
 i - 2 potions of magic {unknown}
 j - a potion of heal wounds {unknown}
 l - a potion of brilliance {unknown}
 o - a potion of ambrosia {unknown}
 p - 3 potions of attraction {unknown}
 q - a potion of haste {unknown}
 r - a potion of curing {unknown}
 s - a potion of mutation {!q}

Dungeon Overview and Level Annotations

Branches:
Dungeon (5/15)
 Temple: D:4-7

Altars:
Fedhas

Annotations:
D:4 Duvessa

######....>........ , ,
,....#..................
,).....................
..............PP..... ,
,##.........<...P 3).


Your movement speed is average. Your attack delay is about 1.0. Your base
attributes are Str 13, Int 14, Dex 13. Unknown command. You feel sick. You are
no longer poisoned. The water moccasin is struck by your briar patch's thorns.
The water moccasin bites your briar patch but does no damage. There is a stone
staircase leading down here. 😱 HP[-1] MP[+1] You take 1 damage, and now have
3/38 hp. A water moccasin is nearby! 😱 HP[+1] You aren't carrying any items that
you can evoke. Okay, then. Casting: Blink (safe; 14% risk of failure) Confirm
with . or Enter, or press ? or * to list all spells. You don't know that spell.
Casting: Blink (safe; 14% risk of failure) Confirm with . or Enter, or press ?
or * to list all spells. The spell is quite dangerous to miscast (26% risk of
failure)! Continue anyway? Aiming: Teleport Other (quite dangerous; 26% risk of
failure) Press: ? - help, Shift-Dir - straight line, f - water moccasin Aim: a
water moccasin (severely wounded, ally target, chance to affect: 59%) The water
moccasin resists with significant effort. 😱 MP[-3] You lost 3 mp, and now have
3/8 mp. Casting: Teleport Other (quite dangerous; 26% risk of failure) Confirm
with . or Enter, or press ? or * to list all spells. You blink. 😱 MP[-2] You
lost 2 mp, and now have 1/8 mp. You aren't carrying any items that you can
evoke. Throw: 4 boomerangs (disperse) {=f!fthrowing} Press: ? - help, Shift-Dir
- straight line, f/p - water moccasin Aim: a water moccasin (severely wounded,
42% to hit) You throw a boomerang of dispersal {=f!fthrowing}. The boomerang of
dispersal {=f!fthrowing} misses the water moccasin. Throw: 3 boomerangs
(disperse) {=f!fthrowing} Press: ? - help, Shift-Dir - straight line, f/p -
water moccasin Aim: a water moccasin (severely wounded, 42% to hit) You throw a
boomerang of dispersal {=f!fthrowing}. The boomerang of dispersal {=f!fthrowing}
misses the water moccasin. Throw: 2 boomerangs (disperse) {=f!fthrowing} Press:
? - help, Shift-Dir - straight line, f/p - water moccasin Aim: a water moccasin
(severely wounded, 42% to hit) You throw a boomerang of dispersal
{=f!fthrowing}. The boomerang of dispersal {=f!fthrowing} barely misses the
water moccasin. You feel stable enough to blink again. The water moccasin bites
you. You die... Fedhas appreciates your contribution to the ecosystem.

Skill      XL: |  1  2  3  4 |
---------------+-------------+-----
Translocations | 3 4 |  4.9
Invocations    | 1 2 3 |  3.2
Fighting       | |  2.0
Long Blades    | |  1.7
Throwing       | |  0.8
Armour         | |  0.8
Dodging        | |  1.7
Spellcasting   | |  2.0

Action                   |  1- 3 |  4- 6 || total
-------------------------+-------+-------++-------
Melee: Falchion          |    78 |       ||    78
       Kick              |    14 |     8 ||    22
       Punch             |     2 |       ||     2
       Short sword       |    15 |    54 ||    69
Throw: Stone             |     6 |       ||     6
       Boomerang         |     3 |     3 ||     6
 Cast: Blink             |     1 |     1 ||     2
       Teleport Other    |       |     1 ||     1
Invok: Wall of Briars    |       |     2 ||     2
  Use: Scroll            |     4 |     1 ||     5
       Potion            |     1 |       ||     1
Armor: Leather armour    |    42 |       ||    42
       Ring mail         |    10 |    19 ||    29
Dodge: Dodged            |    83 |    51 ||   134

Levels and vault maps discovered:
D:1:      amcnicky_arrival_double_pillar, layout_basic,
          shapermc_ecumenical_altar_mp_highgroup, minmay_misc_feat_roman,
          dreamdust_mushroom_princess
D:2:      layout_basic
D:3:      layout_basic
D:4:      layout_gridville, gammafunk_ghost_smash, uniq_duvessa
D:5:      layout_rooms, serial_curves, eino_curves_02, eino_curves_03

Notes
Turn   | Place    | Note
-------+----------+-------------------------------------------
     0 | D:1      | spaghetti the Demonspawn Warper began the quest for the
                  | Orb.
     0 | D:1      | Reached XP level 1. HP: 16/16 MP: 3/3
     0 | D:1      | magus.rc [v1.9.6]
   359 | D:1      | HP: 4/16 [jackal (2)]
   361 | D:1      | Reached skill level 3 in Translocations
   368 | D:1      | HP: 2/16 [jackal (1)]
   672 | D:1      | Gained mutation: You have large cloven feet. [demonic
                  | ancestry]
   672 | D:1      | Reached XP level 2. HP: 22/22 MP: 5/5
   796 | D:1      | Found a faded altar of an unknown god.
   988 | D:1      | Prayed at the altar of an unknown god.
   988 | D:1      | Became a worshipper of Fedhas Madash
   988 | D:1      | Reached * piety under Fedhas
  1294 | D:1      | You pick up a book of Spatial Translocations and begin
                  | reading...
  1424 | D:1      | Learned a level 2 spell: Blink
  1810 | D:2      | Gained mutation: Your muscles are strong. (Str +2) [potion
                  | of mutation]
  1810 | D:2      | Gained mutation: You are covered in fur. (AC +1) [potion of
                  | mutation]
  1810 | D:2      | Gained mutation: You passively map a small area around you.
                  | [potion of mutation]
  1810 | D:2      | Gained mutation: Your spells are a little harder to cast,
                  | but a little more powerful. [potion of mutation]
  1864 | D:2      | Reached skill level 1 in Invocations
  1874 | D:2      | Reached XP level 3. HP: 27/27 MP: 6/6
  1878 | D:2      | Learned a level 3 spell: Teleport Other
  1929 | D:2      | Identified the +2 ring mail "Zaamiy" {Dex+4}
  2127 | D:3      | Reached skill level 4 in Translocations
  2127 | D:3      | Reached skill level 2 in Invocations
  2127 | D:3      | Reached XP level 4. HP: 21/33 MP: 7/7
  2127 | D:3      | Reached ** piety under Fedhas
  3075 | D:4      | Noticed Dowan
  3075 | D:4      | Noticed Duvessa
  3083 | D:4      | Killed Dowan
  3084 | D:4      | Reached skill level 3 in Invocations
  3084 | D:4      | Reached XP level 5. HP: 12/38 MP: 4/8
  3085 | D:5      | Entered Level 5 of the Dungeon
  3093 | D:5      | Noticed a water moccasin
  3361 | D:4      | Noticed a phantom
  3381 | D:5      | HP: 8/38 [poisoned by a water moccasin]
  3386 | D:5      | HP: 3/38 [poisoned by a water moccasin]
  3394 | D:5      | Slain by a water moccasin

Vanquished Creatures
  Dowan (D:4)
  A howler monkey (D:3)
  2 adders (D:3)
  6 orcs (D:3)
  6 endoplasms
  5 giant cockroaches
  4 goblins
  3 hobgoblins
  5 jackals
  2 quokkas (D:1)
  7 ball pythons
  6 bats
  5 frilled lizards
  4 kobolds
  4 rats
61 creatures vanquished.

Table legend:
 A = Non-vault XP
 B = Vault XP
 C = Vault XP percentage of total XP
 D = Non-vault monster count
 E = Vault monster count
 F = Vault count percentage of total count
                 A         B        C        D         E       F
            +---------+---------+-------+---------+---------+-------
      Total |     186 |      69 |  27.1 |      60 |       1 |   1.6
            +---------+---------+-------+---------+---------+-------
        D:1 |      35 |       0 |   0.0 |      21 |       0 |   0.0
        D:2 |      14 |       0 |   0.0 |       9 |       0 |   0.0
        D:3 |     133 |       0 |   0.0 |      28 |       0 |   0.0
        D:4 |       4 |      69 |  94.5 |       2 |       1 |  33.3
            +---------+---------+-------+---------+---------+-------

Illustrated notes

Table legend:
 A = Kills in this place as a percentage of kills in entire the game.
 B = Kills by you in this place as a percentage of kills by you in the entire game.
 C = Kills by friends in this place as a percentage of kills by friends in the entire game.
 D = Other kills in this place as a percentage of other kills in the entire game.
 E = Experience gained in this place as a percentage of experience gained in the entire game.
 F = Experience gained in this place divided by the number of levels of this place that you have seen.
                   A       B       C       D       E      F
               +-------+-------+-------+-------+-------+----------------------
         Total | 100.0 | 100.0 |   N/A |   N/A | 100.0 |  51.0
       Dungeon | 100.0 | 100.0 |   N/A |   N/A | 100.0 |  51.0
               +-------+-------+-------+-------+-------+----------------------

Table legend: (Time is in decaauts)
 A = Elapsed time spent in this place.
 B = Non-inter-level travel time spent in this place.
 C = Inter-level travel time spent in this place.
 D = Time resting spent in this place.
 E = Time spent auto-exploring this place.
 F = Levels seen in this place.
 G = Mean time per level.
                   A        B        C        D        E       F      G
               +--------+--------+--------+--------+--------+-----+--------+
         Total |   3419 |   3267 |    152 |    709 |   2072 |   5 |  683.8 |
       Dungeon |   3419 |   3267 |    152 |    709 |   2072 |   5 |  683.8 |
               +--------+--------+--------+--------+--------+-----+--------+

Top non-repeatable levels by time:
     D:1: 1727 daAuts
     D:3: 960 daAuts
     D:2: 388 daAuts
     D:4: 310 daAuts
     D:5: 33 daAuts
